TOP OF THE 1ST |
Mississippi Rebels batting - Pitching for Texas Longhorns : RHP Rickey Fisher
|
Pitching: RHP Rickey Fisher
|
|
Batting: LHB Walt Ward
|
0-0: Called Strike 0-1: Foul Ball, location: 2F 0-2: Ball 1-2: Ball 2-2: Strikes out looking
|
Batting: RHB Anthony Stanley
|
0-0: Called Strike 0-1: Foul Ball, location: 2F 0-2: Foul Ball, location: 2F 0-2: Ball 1-2: Ball 2-2: Ball 3-2: Base on Balls
|
Batting: RHB Pedro Torez
|
0-0: Ball 1-0: DOUBLE (Line Drive, 56) Anthony Stanley to third Runner from 3rd tries for Home, SAFE, no throw or cutoff
|
Batting: LHB Gavin O'Keefe
|
0-0: Ball 1-0: Ball 2-0: Called Strike 2-1: SINGLE (Groundball, 4MD) Pedro Torez to third
|
Batting: RHB Norm Richardson
|
0-0: Ball Gavin O'Keefe steals 2nd base 1-0: Called Strike 1-1: Foul Ball, location: 2F 1-2: Ball 2-2: Strikes out swinging
|
Batting: RHB Justin Johnson
|
0-0: Fly out, F5 (Popup, 5DF)
|
Top of the 1st over - 1 run(s), 2 hit(s), 0 error(s), 2 left on base; Mississippi 1 - Texas 0 |
BOTTOM OF THE 1ST |
Texas Longhorns batting - Pitching for Mississippi Rebels : RHP Martin Miller
|
Pitching: RHP Martin Miller
|
|
Batting: RHB Brennan Yates
|
0-0: Ball 1-0: Bunted foul 1-1: Ball 2-1: Ball 3-1: Foul Ball, location: 2F 3-2: Base on Balls
|
Batting: LHB Domingo Muñóz
|
0-0: Ball 1-0: Foul Ball, location: 2F 1-1: Called Strike 1-2: Foul Ball, location: 2F 1-2: Strikes out looking
|
Batting: RHB Paul Richard
|
0-0: Called Strike 0-1: Called Strike 0-2: Strikes out swinging
|
Batting: SHB Justin Wyatt
|
0-0: Ball 1-0: Fly out, F4 (Popup, 4D)
|
Bottom of the 1st over - 0 run(s), 0 hit(s), 0 error(s), 1 left on base; Mississippi 1 - Texas 0 |
TOP OF THE 2ND |
Mississippi Rebels batting - Pitching for Texas Longhorns : RHP Rickey Fisher
|
Batting: RHB Alejandro Ruíz
|
0-0: Ball 1-0: Ball 2-0: Swinging Strike 2-1: Ball 3-1: Base on Balls
|
Batting: LHB Todd Anderson
|
0-0: Called Strike 0-1: Ball 1-1: Foul Ball, location: 2F 1-2: Foul Ball, location: 2F 1-2: Strikes out looking
|
Batting: LHB Roger Warren
|
0-0: Ball 1-0: Called Strike 1-1: Ball 2-1: Ball 3-1: Base on Balls Alejandro Ruíz to second
|
Batting: LHB Walt Ward
|
0-0: Called Strike 0-1: Swinging Strike 0-2: Ball 1-2: Ball 2-2: Ground out 5-3 (Groundball, 15S) Alejandro Ruíz to third Roger Warren to second
|
Batting: RHB Anthony Stanley
|
0-0: Foul Ball, location: 2F 0-1: Ball 1-1: Ball 2-1: Fly out, F6 (Popup, 6M)
|
Top of the 2nd over - 0 run(s), 0 hit(s), 0 error(s), 2 left on base; Mississippi 1 - Texas 0 |
BOTTOM OF THE 2ND |
Texas Longhorns batting - Pitching for Mississippi Rebels : RHP Martin Miller
|
Batting: LHB Gabriel Ortíz
|
0-0: Ground out 4-3 (Groundball, 34)
|
Batting: LHB Gerald Galloway
|
0-0: SOLO HOME RUN (Flyball, 89XD), Distance : 369 ft
|
Batting: RHB Shane O'Higgins
|
0-0: Ball 1-0: Called Strike 1-1: Fly out, F8 (Flyball, 8RS)
|
Batting: RHB Jeff Blanton
|
0-0: Ball 1-0: Swinging Strike 1-1: Ball 2-1: Swinging Strike 2-2: Strikes out swinging
|
Bottom of the 2nd over - 1 run(s), 1 hit(s), 0 error(s), 0 left on base; Mississippi 1 - Texas 1 |
TOP OF THE 3RD |
Mississippi Rebels batting - Pitching for Texas Longhorns : RHP Rickey Fisher
|
Batting: RHB Pedro Torez
|
0-0: Ground out 5-3 (Groundball, 5S)
|
Batting: LHB Gavin O'Keefe
|
0-0: Swinging Strike 0-1: SOLO HOME RUN (Flyball, 8RXD), Distance : 400 ft
|
Batting: RHB Norm Richardson
|
0-0: Foul Ball, location: 2F 0-1: Foul Ball, location: 2F 0-2: Foul Ball, location: 2F 0-2: Ball 1-2: Foul Ball, location: 2F 1-2: Strikes out swinging, 2-3 out at first.
|
Batting: RHB Justin Johnson
|
0-0: Ball 1-0: Called Strike 1-1: Ground out 4-3 (Groundball, 4)
|
Top of the 3rd over - 1 run(s), 1 hit(s), 0 error(s), 0 left on base; Mississippi 2 - Texas 1 |
BOTTOM OF THE 3RD |
Texas Longhorns batting - Pitching for Mississippi Rebels : RHP Martin Miller
|
Batting: RHB Jason Erickson
|
0-0: Fly out, F8 (Line Drive, 8RS)
|
Batting: RHB Brennan Yates
|
0-0: Called Strike 0-1: Ground out 5-3 (Groundball, 56)
|
Batting: LHB Domingo Muñóz
|
0-0: Ball 1-0: Ground out U3 (Groundball, 3)
|
Bottom of the 3rd over - 0 run(s), 0 hit(s), 0 error(s), 0 left on base; Mississippi 2 - Texas 1 |
TOP OF THE 4TH |
Mississippi Rebels batting - Pitching for Texas Longhorns : RHP Rickey Fisher
|
Batting: RHB Alejandro Ruíz
|
0-0: Called Strike 0-1: Ground out 5-3 (Groundball, 56)
|
Batting: LHB Todd Anderson
|
0-0: Called Strike 0-1: Swinging Strike 0-2: Foul Ball, location: 2F 0-2: Fly out, F6 (Popup, 56)
|
Batting: LHB Roger Warren
|
0-0: DOUBLE (Groundball, 3L)
|
Batting: LHB Walt Ward
|
0-0: Foul Ball, location: 2F 0-1: Ball 1-1: Called Strike 1-2: Ball 2-2: SINGLE (Flyball, 8LS) Roger Warren to third Runner from 3rd tries for Home, SAFE, no throw or cutoff
|
Batting: RHB Anthony Stanley
|
0-0: Ball 1-0: Called Strike 1-1: Fielders Choice at 2nd, 6-4 (Groundball, 6)
|
Top of the 4th over - 1 run(s), 2 hit(s), 0 error(s), 0 left on base; Mississippi 3 - Texas 1 |
BOTTOM OF THE 4TH |
Texas Longhorns batting - Pitching for Mississippi Rebels : RHP Martin Miller
|
Batting: RHB Paul Richard
|
0-0: Ball 1-0: Called Strike 1-1: Swinging Strike 1-2: Strikes out swinging
|
Batting: SHB Justin Wyatt
|
0-0: Ball 1-0: Ball 2-0: Called Strike 2-1: Ball 3-1: Swinging Strike 3-2: Foul Ball, location: 2F 3-2: Foul Ball, location: 2F 3-2: Strikes out swinging
|
Batting: LHB Gabriel Ortíz
|
0-0: Ball 1-0: SINGLE (Line Drive, 34)
|
Batting: LHB Gerald Galloway
|
0-0: Ball 1-0: Ball Gabriel Ortíz steals 2nd base 2-0: SINGLE (Line Drive, 4M) Gabriel Ortíz to third Runner from 3rd tries for Home, SAFE, no throw or cutoff
|
Batting: RHB Shane O'Higgins
|
0-0: Ball 1-0: Swinging Strike 1-1: SINGLE (Line Drive, 6D) Gerald Galloway to second
|
Batting: RHB Jeff Blanton
|
0-0: Ground out 4-3 (Groundball, 4)
|
Bottom of the 4th over - 1 run(s), 3 hit(s), 0 error(s), 2 left on base; Mississippi 3 - Texas 2 |
TOP OF THE 5TH |
Mississippi Rebels batting - Pitching for Texas Longhorns : RHP Rickey Fisher
|
Batting: RHB Pedro Torez
|
0-0: Called Strike 0-1: Foul Ball, location: 2F 0-2: Ball 1-2: Ground out 6-3 (Groundball, 6)
|
Batting: LHB Gavin O'Keefe
|
0-0: Ball 1-0: SINGLE (Line Drive, 34)
|
Pitching: RHP Jorge Valenzuela
|
|
Batting: RHB Norm Richardson
|
0-0: Ball 1-0: Fly out, F6 (Line Drive, 56)
|
Batting: RHB Justin Johnson
|
0-0: Fielders Choice at 2nd, U6 (Groundball, 6M)
|
Top of the 5th over - 0 run(s), 1 hit(s), 0 error(s), 1 left on base; Mississippi 3 - Texas 2 |
BOTTOM OF THE 5TH |
Texas Longhorns batting - Pitching for Mississippi Rebels : RHP Martin Miller
|
Batting: RHB Jason Erickson
|
0-0: Ground out 6-3 (Groundball, 6M)
|
Batting: RHB Brennan Yates
|
0-0: Foul Ball, location: 2F 0-1: Called Strike 0-2: Strikes out swinging
|
Batting: LHB Domingo Muñóz
|
0-0: Ball 1-0: Ball 2-0: Ball 3-0: Base on Balls
|
Batting: RHB Paul Richard
|
0-0: Ball Wild Pitch! Domingo Muñóz to second 1-0: Called Strike 1-1: Ground out 5-3 (Groundball, 56)
|
Bottom of the 5th over - 0 run(s), 0 hit(s), 0 error(s), 1 left on base; Mississippi 3 - Texas 2 |
TOP OF THE 6TH |
Mississippi Rebels batting - Pitching for Texas Longhorns : RHP Jorge Valenzuela
|
Batting: RHB Alejandro Ruíz
|
0-0: Called Strike 0-1: Ball 1-1: Ground out 5-3 (Groundball, 5S)
|
Batting: LHB Todd Anderson
|
0-0: Called Strike 0-1: Ball 1-1: Called Strike 1-2: Ball
|
|